 Dungeon Sprint DCSS version 0.31-a0-4-gefa6de2278 (webtiles) character file.

Game seed: 3455897683765592031

1600000 sircluck the Conqueror (level 15, -19/174 HPs)
             Began as a Hill Orc Fighter on May 4, 2023.
             Was a Follower of Makhleb.
             Demolished by a meat berserker
             ... wielding a +9 battleaxe
              (45 damage)
             ... in the Dungeon (Sprint VIII: "Arena of Blood").
             The game lasted 00:00:43 (16 turns).

sircluck the Conqueror (Hill Orc Fighter)             Turns: 16, Time: 00:00:43

Health: -19/174    AC: 13    Str: 21    XL:     15   Next: 72%
Magic:  15/15      EV: 10    Int:  8    God:    Makhleb [*.....]
Gold:   0          SH:  0    Dex: 16    Spells: 14/14 levels left

rFire   . . .        (no weapon)
rCold   . . .        (no shield)
rNeg    . . .        b - +0 scale mail
rPois   .            (no helmet)
rElec   .            (no cloak)
rCorr   .            (no gloves)
SInv    .            (no boots)
Will    +....        (no amulet) Stlth
                     (no ring)
HPRegen 0.49/turn    (no ring)
MPRegen 0.14/turn

%: no teleportation
@: no status effects
A: no striking features
a: Renounce Religion


You were in the Dungeon.
You worshipped Makhleb.
Makhleb was aware of your devotion.
You visited 1 branch

Inventory:

Hand Weapons
 a - a +0 war axe
 k - the +∞ Axe of Woe
   (You found it in the Dungeon)
Armour
 b - a +0 scale mail (worn)
 c - a +0 buckler
Scrolls
 j - a scroll of blinking
Potions
 d - a potion of might
 e - a potion of curing
 f - a potion of heal wounds
 g - a potion of haste
 h - 2 potions of magic
 i - a potion of berserk rage


   Skills:
 O Level 27 Fighting
 + Level 23.1 Axes
 + Level 26.4 Armour
 + Level 26.5 Shields


You had 14 spell levels left.
You didn't know any spells.
Your spell library was empty.

Dungeon Overview and Level Annotations

Branches:
Dungeon (1/1)

Altars:
Makhleb


Message History

Makhleb accepts your kill.
You can now gain health from killing.
You hit the meat berserker.
You cleave the meat berserker in twain.
You kill the meat berserker!
Makhleb accepts your kill.
You feel better.
You hear a shout! x12
You have mastered Fighting!
Your Axes skill gained 5 levels and is now at level 23!
Your Armour skill gained 3 levels and is now at level 26!
Your Shields skill gained 4 levels and is now at level 26!
You have reached level 15!
Your experience leads to an increase in your attributes!
Increase (S)trength, (I)ntelligence, or (D)exterity?
You feel agile. x2; You feel stronger.
You are now empty-handed.
You drop the +∞ Axe of Woe.
The meat berserker appears out of thin air!
A meat berserker comes into view. It is wielding a +9 battleaxe.
The meat berserker shouts!
You hear a shout! x2
The meat berserker hits you with a +9 battleaxe!!!
* * * LOW HITPOINT WARNING * * *
A bag of meat comes into view. It is wielding a +9 war axe.
You hear a shout! x7
The bag of meat barely misses you.
You hear a shout!
Really attack while wielding nothing?
Okay, then.
Unknown command.
Press < or > to pray at altars.
Unknown command.
Press < or > to pray at altars.
Really attack while wielding nothing? [Y]es or [N]o only, please.
Really attack while wielding nothing?
Okay, then.
k - the +∞ Axe of Woe The meat berserker appears out of thin air!
A meat berserker comes into view. It is wielding a +9 battleaxe.
The bag of meat shouts!
The meat berserker shouts!
You hear a shout! x4
The meat berserker hits you with a +9 battleaxe!!!
You die...

...O ..o .. #..
.# . #.. ..#
oO###.. ..###.
.......###......
.....Ooo@OOO....
....#).)).#....
. #_)<._# .
#.....#
o...._.o...
.o....###......
.###.. o.###.
#.o ..# #.. .#


You could see 5 meat berserkers and 5 bags of meat.

Vanquished Creatures
  3 ogres (D)
  6 orcs (D)
9 creatures vanquished.

Notes
Turn   | Place    | Note
-------+----------+-------------------------------------------
     0 | D        | Found the +∞ Axe of Woe
     0 | D        | sircluck the Hill Orc Fighter began the quest for the Orb.
     0 | D        | Reached XP level 1. HP: 19/19 MP: 1/1
     1 | D        | Noticed a bag of meat
     1 | D        | Noticed a bag of meat
     1 | D        | Noticed a bag of meat
     2 | D        | Noticed a bag of meat
     3 | D        | Noticed a bag of meat
     4 | D        | Noticed a bag of meat
     7 | D        | Noticed a meat berserker
     7 | D        | Noticed a meat berserker
     9 | D        | Killed a bag of meat
     9 | D        | Killed a bag of meat
     9 | D        | Noticed a bag of meat
     9 | D        | Noticed a meat berserker
    10 | D        | Reached skill level 19 in Fighting
    10 | D        | Reached XP level 2. HP: 9/56 MP: 2/2
    10 | D        | Reached XP level 3. HP: 10/63 MP: 3/3
    10 | D        | Reached XP level 4. HP: 12/71 MP: 4/4
    10 | D        | Reached XP level 5. HP: 13/79 MP: 5/5
    10 | D        | Reached XP level 6. HP: 14/86 MP: 6/6
    10 | D        | Reached XP level 7. HP: 16/93 MP: 7/7
    10 | D        | Reached XP level 8. HP: 17/102 MP: 8/8
    10 | D        | Reached XP level 9. HP: 18/108 MP: 9/9
    10 | D        | Reached XP level 10. HP: 20/117 MP: 10/10
    10 | D        | Reached XP level 11. HP: 21/124 MP: 11/11
    10 | D        | Reached XP level 12. HP: 22/132 MP: 12/12
    10 | D        | Killed a bag of meat
    10 | D        | Killed a bag of meat
    10 | D        | Noticed a bag of meat
    10 | D        | Noticed a bag of meat
    10 | D        | Noticed a bag of meat
    11 | D        | Reached skill level 22 in Fighting
    11 | D        | Reached skill level 15 in Axes
    11 | D        | Reached XP level 13. HP: 25/146 MP: 13/13
    11 | D        | Killed a meat berserker
    11 | D        | Killed a bag of meat
    11 | D        | Noticed a bag of meat
    11 | D        | Noticed a meat berserker
    12 | D        | Reached skill level 25 in Fighting
    12 | D        | Reached XP level 14. HP: 29/162 MP: 14/14
    12 | D        | Noticed a bag of meat
    13 | D        | Became a worshipper of Makhleb the Destroyer
    13 | D        | Noticed a meat berserker
    13 | D        | Noticed a bag of meat
    13 | D        | Noticed a meat berserker
    14 | D        | Killed a bag of meat
    14 | D        | Killed a meat berserker
    14 | D        | Reached * piety under Makhleb
    14 | D        | Killed a meat berserker
    15 | D        | Reached skill level 27 in Fighting
    15 | D        | Reached XP level 15. HP: 81/174 MP: 15/15
    15 | D        | Noticed a meat berserker
    16 | D        | Noticed a meat berserker
    16 | D        | Demolished by a meat berserker

Illustrated notes

Levels and vault maps discovered:
D:        meatsprint

Skill      XL: |  1  2  3  4  5  6  7  8  9 10 11 12 13 14 |
---------------+-------------------------------------------+-----
Fighting       | 19 22 25 27 | 27.0
Axes           | 12 15 18 23 | 23.1
Armour         | 18 20 23 26 | 26.4
Shields        | 17 20 22 26 | 26.5

Action                     |  1- 3 |  4- 6 |  7- 9 | 10-12 | 13-15 || total
---------------------------+-------+-------+-------+-------+-------++-------
  Melee: Executioner's axe |     1 |       |       |     1 |     2 ||     4
  Dodge: Dodged            |       |       |       |       |     2 ||     2

Table legend: (Time is in decaauts)
 A = Elapsed time spent in this place.
 B = Non-inter-level travel time spent in this place.
 C = Inter-level travel time spent in this place.
 D = Time resting spent in this place.
 E = Time spent auto-exploring this place.
 F = Levels seen in this place.
 G = Mean time per level.
                   A        B        C        D        E       F      G
               +--------+--------+--------+--------+--------+-----+--------+
         Total |     16 |     16 |      0 |      0 |      0 |   1 |   16.0 |
       Dungeon |     16 |     16 |      0 |      0 |      0 |   1 |   16.0 |
               +--------+--------+--------+--------+--------+-----+--------+

Top non-repeatable levels by time:
       D: 16 daAuts
